 Dungeon Crawl Stone Soup version 0.31-a0-1447-g87ca8d402b (webtiles) character file.

Game seed: 6381256502332604878

13629 Arcadio the Nimble (level 12, -4/100 HPs)
             Began as a Merfolk Shapeshifter on Dec 27, 2023.
             Was the Champion of Makhleb.
             Slain by a fire elemental (12 damage)
             ... summoned by a deep elf pyromancer
             ... on level 9 of the Dungeon.
             The game lasted 00:25:24 (11508 turns).

Arcadio the Nimble (Merfolk Shapeshifter)          Turns: 11508, Time: 00:25:24

Health: -4/100     AC: 12    Str: 27    XL:     12   Next: 8%
Magic:  15/15      EV: 14    Int: 10    God:    Makhleb [******]
Gold:   272        SH:  0    Dex: 14    Spells: 11/11 levels left

rFire   . .          .
                       - Unarmed
rCold   x . .        (no shield)
rNeg    . . .        i - +0 chain mail
rPois   .            (helmet currently unavailable)
rElec   +            (cloak currently unavailable)
rCorr   +            (gloves currently unavailable)
SInv    .            (boots currently unavailable)
Will    .....        B - amulet of Nygi {Faith rElec rC- rCorr Str+3} Stlth
                     y - +4 ring of protection
HPRegen 0.36/turn    t - +6 ring of strength
MPRegen 0.14/turn

%: faith
@: on fire, beast-form, glowing
A: beast (slay +4), (nimble swimmer 2), mertail
a: Begin Untransformation, Renounce Religion, Minor Destruction, Lesser Servant
of Makhleb, Major Destruction, Greater Servant of Makhleb


You were on level 9 of the Dungeon.
You worshipped Makhleb.
Makhleb was exalted by your worship.
You were a hulking beast.
You visited 3 branches of the dungeon, and saw 11 of its levels.
You also visited: Sewer and Bailey.

You collected 510 gold pieces.
You spent 238 gold pieces at shops.

Inventory:

Armour
 a - a +0 robe of fire resistance
 i - a +0 chain mail (worn)
Jewellery
 o - a ring of willpower
 t - a +6 ring of strength (right hand)
 y - a +4 ring of protection (left hand)
 B - the amulet of Nygi (around neck) {Faith rElec rC- rCorr Str+3}
   (You found it on level 5 of the Dungeon)

   [amulet of faith]

   Faith:     It allows you to gain divine favour quickly.
   Str+3:     It affects your strength (+3).
   rC-:       It makes you vulnerable to cold.
   rElec:     It insulates you from electricity.
   rCorr:     It protects you from acid and corrosion.
Talismans
 c - a beast talisman (active)
 d - a flux talisman
Wands
 p - a wand of light (9)
Scrolls
 b - a scroll of brand weapon {unknown}
 e - 8 scrolls of teleportation
 f - 3 scrolls of enchant weapon
 h - a scroll of poison {unknown}
 j - 3 scrolls of blinking
 k - 2 scrolls of revelation
 n - 2 scrolls of fear
 r - a scroll of identify
 C - 4 scrolls of amnesia {unknown}
 D - 2 scrolls of immolation
 E - a scroll of enchant armour {unknown}
 F - a scroll of silence {unknown}
Potions
 g - 2 potions of enlightenment
 l - 3 potions of mutation
 m - a potion of resistance {unknown}
 q - 2 potions of haste
 s - a potion of invisibility
 u - 2 potions of magic
 v - a potion of might
 w - a potion of experience {unknown}
 x - 2 potions of attraction {unknown}
 z - 2 potions of curing {unknown}
 A - a potion of heal wounds {unknown}
 G - a potion of brilliance {unknown}


   Skills:
 + Level 11.3 Fighting
 + Level 13.4 Dodging
 + Level 11.6 Unarmed Combat
 + Level 4.8 Invocations
 - Level 8.2 Shapeshifting


You had 11 spell levels left.
You didn't know any spells.
Your spell library contained the following spells:

 Spells                   Type           Power      Damage    Failure   Level
 Freeze                   Ice            0%         1d3       90%         1
 Call Imp                 Summ           0%         N/A       97%         2
 Sublimation of Blood     Necr           0%         N/A       97%         2
 Dazzling Flash           Conj/Hex       0%         N/A       99%         3
 Frozen Ramparts          Ice            0%         1d1       99%         3
 Hailstorm                Conj/Ice       0%         3d5       99%         3
 Mephitic Cloud           Conj/Alch/Air  0%         N/A       99%         3
 Tukima's Dance           Hex            0%         N/A       99%         3
 Volatile Blastmotes      Fire/Tloc      0%         2d10      99%         3
 Dimensional Bullseye     Hex/Tloc       0%         N/A       100%        4
 Fulminant Prism          Conj/Alch      0%         3d5       100%        4
 Ignite Poison            Fire/Alch      0%         N/A       100%        4
 Iskenderun's Mystic Bla  Conj/Tloc      0%         2d3       100%        4
 Sticky Flame             Fire/Alch      0%         2d4       100%        4
 Curse of Agony           Necr           0%         N/A       100%        5
 Silence                  Hex/Air        0%         N/A       100%        5
 Summon Hydra             Summ           0%         N/A       100%        7
 Ignition                 Fire           0%         3d3       100%        8


Dungeon Overview and Level Annotations

Branches:
Dungeon (9/15) Zot: 26141  Temple (1/1) D:5 Zot: 5998    Lair (1/5) D:8 Zot: 5323
  Sewer (visited)          Bailey (visited)
    Orc: D:9-12

Altars:
Ashenzari
Cheibriados
Dithmenos
Elyvilon
Fedhas
Gozag
Makhleb
Nemelex Xobeh
Okawaru
Ru
Sif Muna
Trog
Uskayaw
Vehumet
Wu Jian
Xom
Yredelemnul
Zin
The Shining One

Shops:
D:2 *   D:4 *   D:6 ?

Annotations:
D:3 1 runed translucent door, bumbalina's ghost, amateur TrFi


Innate Abilities, Weirdness & Mutations

You are a hulking beast.
Your limbs bulge with bestial killing power. (Slay +4)
((You are very nimble when in or above water. (Stealth+, EV+, Speed+++)))
Your lower body shifts to a powerful aquatic tail in water.


Message History

The deep elf pyromancer blinks!
The deep elf pyromancer casts a spell at you.
The pyre arrow hits you.
You are covered in intense liquid fire!
You shake off some of the fire as you move.
The liquid fire burns you!
The deep elf pyromancer gestures wildly while chanting.
You closely miss the deep elf pyromancer.
Your punch misses the deep elf pyromancer.
The liquid fire burns you!
You pummel the deep elf pyromancer!! You punch the deep elf pyromancer!
The deep elf pyromancer is severely wounded.
The liquid fire burns you! The fire elemental hits you.
The fire elemental burns you! The fire elemental hits you.
The fire elemental burns you!
The deep elf pyromancer hits you but does no damage.
You punch the deep elf pyromancer!
The deep elf pyromancer is almost dead.
The liquid fire burns you! The fire elemental hits you.
The fire elemental burns you! The fire elemental hits you.
The fire elemental burns you!
The deep elf pyromancer barely misses you.
You completely miss the deep elf pyromancer.
The deep elf pyromancer is almost dead.
The liquid fire burns you! The fire elemental closely misses you.
The fire elemental hits you. The fire elemental burns you!
* * * LOW HITPOINT WARNING * * *
The deep elf pyromancer hits you with a +0 long sword.
* * * LOW HITPOINT WARNING * * *
Press: ? - help, v - describe, . - travel
Here: a deep elf pyromancer, wielding a +0 long sword and wearing a +0 leather armour of poison resistance (almost dead)
The floor, spattered with blood.
You closely miss the deep elf pyromancer.
The deep elf pyromancer is almost dead.
The liquid fire burns you!
* * * LOW HITPOINT WARNING * * *
The fire elemental barely misses you. The fire elemental hits you.
The fire elemental burns you!
You die...

........#
#...).#
........######
###########.#
gg.D)g........
#....)|.....#
######g######
#.########### #
##.######## #.#
# #.D........
#.# #
#..######## #.#
#
#..##########E#
#.....))...ehE#
#.#############
#. ##


You could see a deep elf pyromancer and 2 fire elementals.

Vanquished Creatures
  A hydra (D:8)
  A two-headed ogre (D:9)
  2 cyclopes (D:9)
  A torpor snail (D:8)
  2 komodo dragons
  2 rime drakes
  2 burning bushes (Lair:1)
  Prince Ribbit (Bailey)
  9 blink frogs
  A wyvern (D:8)
  7 yaks
  3 humans (Bailey)
  A steam dragon (D:8)
  A vampire mosquito (D:8)
  10 water moccasins
  An orc warrior (D:8)
  2 ice beasts
  2 black bears
  4 centaurs
  5 ogres
  A phantom (D:5)
  5 kobold brigands
  5 necrophages (D:7)
  12 bullfrogs
  2 gnoll sergeants (D:9)
  7 scorpions
  8 wights
  3 howler monkeys
  2 jellies
  A centaur zombie (D:7)
  4 gnoll boudas
  4 orc priests
  A bombardier beetle (D:5)
  5 hounds
  4 iguanas
  8 hell rats
  6 orc wizards
  A sleepcap (D:5)
  31 gnolls
  8 adders
  A shadow imp (D:4)
  2 ufetubi (D:5)
  6 worms
  3 dart slugs
  35 orcs
  7 endoplasms
  7 giant cockroaches
  7 goblins
  9 hobgoblins
  4 jackals (D:1)
  17 kobolds
  A quokka (D:4)
  9 ball pythons
  5 bats
  6 frilled lizards
  12 rats
307 creatures vanquished.

Notes
Turn   | Place    | Note
-------+----------+-------------------------------------------
     0 | D:1      | Arcadio the Merfolk Shapeshifter began the quest for the
                  | Orb.
     0 | D:1      | Reached XP level 1. HP: 15/15 MP: 1/1
   273 | D:1      | Reached skill level 3 in Dodging
   307 | D:1      | Reached XP level 2. HP: 20/21 MP: 2/2
   320 | D:1      | Found a faded altar of an unknown god.
   342 | D:1      | Prayed at the altar of an unknown god.
   342 | D:1      | Became a worshipper of Makhleb the Destroyer
   342 | D:1      | Reached * piety under Makhleb
   733 | D:2      | Reached XP level 3. HP: 27/27 MP: 3/3
  1044 | D:2      | Found Qettov's General Store.
  1055 | D:2      | Bought a scroll of identify for 28 gold pieces
  1428 | D:3      | Reached ** piety under Makhleb
  1449 | D:3      | Found a radiant altar of Vehumet.
  1464 | D:3      | Reached XP level 4. HP: 31/34 MP: 4/4
  1669 | D:3      | Reached skill level 4 in Dodging
  1840 | D:3      | Found a runed translucent door.
  1840 | D:3      | Noticed bumbalina's ghost (amateur TrFi)
  2036 | D:3      | Reached XP level 5. HP: 41/41 MP: 5/5
  2378 | D:4      | Found a glowing drain.
  2382 | Sewer    | Entered a sewer
  2554 | Sewer    | Reached skill level 5 in Dodging
  2568 | Sewer    | Reached XP level 6. HP: 46/48 MP: 6/6
  2602 | Sewer    | Reached skill level 5 in Unarmed Combat
  2722 | Sewer    | Reached XP level 7. HP: 55/55 MP: 7/7
  3060 | D:4      | Reached *** piety under Makhleb
  3094 | D:4      | Found Seolyd's Gadget Gallery.
  3264 | D:4      | Reached skill level 6 in Dodging
  3384 | D:4      | Found a shadowy altar of Dithmenos.
  3442 | D:4      | Reached skill level 5 in Fighting
  3977 | D:5      | Entered Level 5 of the Dungeon
  4022 | D:5      | Reached skill level 7 in Dodging
  4022 | D:5      | Reached XP level 8. HP: 62/63 MP: 8/8
  4507 | D:5      | Found a staircase to the Ecumenical Temple.
  4517 | Temple   | Entered the Ecumenical Temple
  4694 | D:5      | Reached skill level 8 in Dodging
  4696 | D:5      | Found an opulent altar of Gozag.
  5225 | D:5      | Identified the amulet of Nygi {Faith rElec rC- rCorr Str+3}
  5373 | D:6      | Reached **** piety under Makhleb
  5377 | D:6      | Reached XP level 9. HP: 42/72 MP: 9/9
  5426 | D:6      | Reached skill level 9 in Dodging
  5994 | D:6      | Found Coak's Magic Scroll Emporium.
  6005 | D:6      | Bought a scroll of identify for 28 gold pieces
  6005 | D:6      | Bought a scroll of teleportation for 42 gold pieces
  6005 | D:6      | Bought a scroll of teleportation for 42 gold pieces
  6005 | D:6      | Bought a scroll of identify for 28 gold pieces
  6005 | D:6      | Bought a scroll of identify for 28 gold pieces
  6005 | D:6      | Bought a scroll of teleportation for 42 gold pieces
  6407 | D:7      | Found a white marble altar of Elyvilon.
  6477 | D:7      | Reached skill level 10 in Dodging
  6477 | D:7      | Reached skill level 5 in Shapeshifting
  6701 | D:7      | Found a blossoming altar of Fedhas.
  7082 | D:7      | Reached XP level 10. HP: 77/82 MP: 10/10
  7151 | D:8      | Found an iron altar of Okawaru.
  7276 | D:8      | Reached ***** piety under Makhleb
  7319 | D:8      | Found a flagged portal.
  7332 | Bailey   | Entered a bailey
  7365 | Bailey   | Reached skill level 11 in Dodging
  7733 | Bailey   | Noticed a vault guard
  7733 | Bailey   | Noticed Prince Ribbit
  7762 | Bailey   | Killed Prince Ribbit
  7825 | D:8      | Found a staircase to the Lair.
  7889 | D:8      | Reached skill level 10 in Unarmed Combat
  8256 | D:8      | Found a bloodstained altar of Trog.
  8258 | D:8      | Found a sacrificial altar of Ru.
  8265 | D:8      | Found a hide-covered altar of Uskayaw.
  8268 | D:8      | Found a basalt altar of Yredelemnul.
  8270 | D:8      | Found a glowing golden altar of the Shining One.
  8382 | Lair:1   | Entered Level 1 of the Lair of Beasts
  8407 | D:8      | Reached XP level 11. HP: 39/90 MP: 11/11
  8561 | Lair:1   | Reached skill level 10 in Fighting
  8593 | Lair:1   | Reached skill level 12 in Dodging
  9193 | D:8      | Reached skill level 1 in Invocations
 10479 | Lair:1   | Noticed a death yak
 10483 | Lair:1   | Noticed a death yak
 10484 | Lair:1   | Noticed a death yak
 10735 | D:9      | Noticed a two-headed ogre
 10738 | D:9      | Reached skill level 13 in Dodging
 10752 | D:9      | Reached ****** piety under Makhleb
 10756 | D:9      | Killed a two-headed ogre
 10784 | D:9      | Noticed a cyclops
 10801 | D:9      | Killed a cyclops
 10801 | D:9      | Noticed a cyclops
 10823 | D:9      | Killed a cyclops
 10877 | D:9      | Noticed a deep elf pyromancer
 10878 | D:9      | Noticed a six-headed hydra
 10957 | D:8      | Reached XP level 12. HP: 30/100 MP: 15/15
 11257 | D:8      | Killed a six-headed hydra
 11508 | D:9      | Slain by a fire elemental

Illustrated notes

Levels and vault maps discovered:
D:1:      ncdulo_smallfort, layout_loops_ring, basic_ecumenical_altar,
          minmay_misc_feat_chi
D:2:      layout_basic, serial_shops, shop, serial_bayou_ford_a
D:3:      layout_basic, mainiacjoe_overflow_small_starburst,
          ebering_ghost_inner_flame
D:4:      layout_loops_ring, kennysheep_mini,
          mainiacjoe_sewer_entry_somewhere_in_here_2, nicolae_shop_gadgets
D:5:      layout_loops_corners, nicolae_gozag_cash_rules_everything_around_me,
          minmay_temple_entry_proselytizer
D:6:      layout_loops_ring, serial_shops, shop
D:7:      layout_loops_ring, mainiacjoe_overflow_six_doors_small,
          fedhas_altar_decomposition, minivault_26,
          nicolae_kite_square_tiling_tiny
D:8:      layout_basic, nicolae_overflow_hallway_of_the_gods,
          due_lair_maze_entry_diamond, enter_bailey_7,
          kennysheep_generic_room_15
D:9:      minmay_cut_squares, layout_basic
Temple:   hellmonk_temple_rainy
Lair:1:   layout_gridlike, evilmike_ambush [evilmike_ambush_outer_basic,
          evilmike_ambush_inner_pond], grunt_megastairs_1, uniq_urug

Skill      XL: |  1  2  3  4  5  6  7  8  9 10 11 |
---------------+----------------------------------+-----
Dodging        | 3 4 5 7 8 10 11 13 | 13.4
Fighting       | 2 3 4 5 7 8 9 11 | 11.3
Unarmed Combat | 4 5 6 7 9 10 11 | 11.6
Shapeshifting  | 5 7 8 |  8.2
Invocations    | 4 |  4.8

Action                     |  1- 3 |  4- 6 |  7- 9 | 10-12 || total
---------------------------+-------+-------+-------+-------++-------
  Melee: Unarmed           |   104 |   139 |   406 |   388 ||  1037
         Punch             |     3 |     4 |    21 |    34 ||    62
         Tailslap          |       |     5 |       |       ||     5
 Invoke: Minor Destruction |       |       |       |     1 ||     1
         Major Destruction |       |       |       |     1 ||     1
Ability: Begin Untransform |       |       |       |     1 ||     1
    Use: Scroll            |     3 |     4 |     5 |     2 ||    14
         Potion            |       |     1 |       |     2 ||     3
 Armour: Animal skin       |     2 |       |       |       ||     2
         Chain mail        |    73 |    75 |   238 |   331 ||   717
         Skin              |       |     9 |       |       ||     9
  Dodge: Dodged            |    41 |    46 |   175 |   351 ||   613
   Form: Beast             |       |       |       |     2 ||     2

Table legend: (Time is in decaauts)
 A = Elapsed time spent in this place.
 B = Non-inter-level travel time spent in this place.
 C = Inter-level travel time spent in this place.
 D = Time resting spent in this place.
 E = Time spent auto-exploring this place.
 F = Levels seen in this place.
 G = Mean time per level.
                   A        B        C        D        E       F      G
               +--------+--------+--------+--------+--------+-----+--------+
         Total |  11312 |  10983 |    329 |   2235 |   6151 |  13 |  870.2 |
       Dungeon |   9631 |   9303 |    328 |   1846 |   5424 |   9 | 1070.1 |
        Temple |      1 |      1 |      0 |      0 |      0 |   1 |    1.0 |
          Lair |    676 |    675 |      1 |      0 |    358 |   1 |  676.0 |
         Sewer |    581 |    581 |      0 |     91 |    359 |   1 |  581.0 |
        Bailey |    421 |    421 |      0 |    298 |     10 |   1 |  421.0 |
               +--------+--------+--------+--------+--------+-----+--------+

Top non-repeatable levels by time:
     D:8: 2752 daAuts
     D:5: 1226 daAuts
     D:4: 1125 daAuts
     D:7: 1106 daAuts
     D:3: 855 daAuts
     D:6: 818 daAuts
     D:1: 695 daAuts
     D:2: 695 daAuts
  Lair:1: 676 daAuts
   Sewer: 581 daAuts
  Bailey: 421 daAuts
     D:9: 355 daAuts
  Temple: 1 daAuts
